AoeStats
← Il consigliere

Arabia

510177340Analyzed
1v1 RM · 3d ago on Sep 29, 2026· 36m 9s· 2 players
Game mode
Random Map
Map size
Tiny (2 player)
Population
200
Speed
Normal
Resources
Standard
Victory
Conquest
Starting age
Dark Age
Ending age
Imperial Age
RankedLock teamsTeams togetherTeam positionsShared explorationLock speedFull tech treeHidden civsTurbo modeCheats
Victory
Defeat
🇩🇪 Danes · Germany
1228
+15
🇦🇷 Magyars · Argentina
1213
-15
Il consigliere
3:13 Loom
9:31 Feudal Age
10:07 Double-Bit Axe
21:54 Castle Age
20:18 Horse Collar
22:34 Gold Mining
22:38 Fletching
23:18 Bow Saw
23:15 Town Watch
25:19 Bodkin Arrow
27:01 Padded Archer Armor
27:36 Thumb Ring
29:01 Ballistics
30:25 Wheelbarrow
30:31 Leather Archer Armor
30:29 Husbandry
35:38 Town Patrol
Allowuff
5:45 Loom
8:53 Feudal Age
8:58 Man-at-Arms
11:37 Double-Bit Axe
11:54 Arson
20:28 Castle Age
18:42 Fletching
19:45 Scale Mail Armor
21:00 Wheelbarrow
20:25 Gold Mining
20:17 Horse Collar
21:49 Bow Saw
22:43 Chain Mail Armor
24:35 Forging
25:45 Fervor
31:40 Imperial Age
29:11 Stone Mining
29:10 Elite Skirmisher
30:45 Ballistics
30:27 Padded Archer Armor
31:56 Leather Archer Armor
32:14 Bodkin Arrow
33:48 Bracer
34:36 Squires
34:22 Gambesons
35:10 Plate Mail Armor
35:15 Iron Casting
34:45 Heavy Plow
Connection lost

Rejoining the realm…

Still unreachable

The connection could not be restored.

Session expired

The server has moved on; the page needs a fresh start.